 Dungeon Crawl Stone Soup version 0.27-a0-594-g2aaa8dbbc2 (webtiles) character file.

Game seed: 4686113357215167199

312 ReteAZ the Thaumaturge (level 6, 0/44 HPs)
             Began as a Gnoll Wanderer on Mar 11, 2021.
             Slain by a river rat (4 damage)
             ... on level 4 of the Dungeon.
             The game lasted 00:06:33 (4730 turns).

ReteAZ the Thaumaturge (Gnoll Wanderer)             Turns: 4730, Time: 00:06:33

Health: 0/44       AC:  7    Str: 10    XL:     6   Next: 42%
Magic:  10/18      EV: 12    Int: 15    God:
Gold:   132        SH:  0    Dex: 11    Spells: 20/24 levels left

rFire    . . .     SeeInvis .   g - +0 dagger (vamp)
rCold    . . .     Faith    .   (no shield)
rNeg     + . .     Spirit   .   d - +0 robe
rPois    .         Reflect  .   (no helmet)
rElec    .         Harm     .   e - +0 cloak
rCorr    .         Rampage  .   l - +1 pair of gloves
Will     .....                  k - +1 pair of boots
Stlth    ++........             (no amulet)
HPRegen  0.14/turn              i - ring of positive energy
MPRegen  0.16/turn              (no ring)

@: no status effects
A: fangs 1, strong nose, distributed training
a: no special abilities


You were on level 4 of the Dungeon.
You visited 1 branch of the dungeon, and saw 4 of its levels.

You collected 132 gold pieces.

Inventory:

Hand Weapons
 a - a +0 dagger
 g - a +0 vampiric dagger (weapon)
Missiles
 c - 22 poisoned darts
Armour
 d - a +0 robe (worn)
 e - a +0 cloak (worn)
 k - a +1 pair of boots (worn)
 l - a +1 pair of gloves (worn)
Jewellery
 i - a ring of positive energy (right hand)
Scrolls
 h - 3 scrolls of noise {unknown}
 o - a scroll of identify {unknown}
 p - a scroll of teleportation {unknown}
 r - a scroll of random uselessness {unknown}
Potions
 b - 3 potions of curing
 f - 4 potions of brilliance {unknown}
 j - a potion of degeneration {unknown}
 m - a potion of might {unknown}
 n - 2 potions of magic {unknown}
 q - 2 potions of lignification {unknown}


   Skills:
 + Level 2.0 Fighting
 + Level 2.0 Short Blades
 + Level 2.0 Long Blades
 + Level 2.0 Axes
 + Level 2.0 Maces & Flails
 + Level 2.0 Polearms
 + Level 2.0 Staves
 + Level 2.0 Slings
 + Level 2.0 Bows
 + Level 2.0 Crossbows
 + Level 5.0 Throwing
 + Level 2.0 Armour
 + Level 2.0 Dodging
 + Level 2.0 Stealth
 + Level 2.0 Shields
 + Level 2.0 Unarmed Combat
 + Level 9.5 Spellcasting
 + Level 1.5 Conjurations
 + Level 1.5 Hexes
 + Level 1.5 Summonings
 + Level 2.6 Necromancy
 + Level 1.5 Translocations
 + Level 1.5 Transmutations
 + Level 1.5 Fire Magic
 + Level 1.5 Ice Magic
 + Level 1.5 Air Magic
 + Level 2.6 Earth Magic
 + Level 4.1 Poison Magic
 + Level 2.1 Invocations
 + Level 2.0 Evocations


You had 20 spell levels left.
You knew the following spells:

 Your Spells              Type           Power      Damage    Failure   Level
a - Pain                  Necr           60%        1d7       3%          1
b - Mephitic Cloud        Conj/Pois/Air  14%        N/A       12%         3

Your spell library contained the following spells:

 Spells                   Type           Power      Damage    Failure   Level
 Magic Dart               Conj           44%        1d5       5%          1
 Blink                    Tloc           N/A        N/A       9%          2
 Call Imp                 Summ           11%        N/A       9%          2
 Slow                     Hex            11%        N/A       9%          2
 Vampiric Draining        Necr           7%         2d7       11%         3
 Conjure Flame            Conj/Fire      11%        6-21      16%         3


Dungeon Overview and Level Annotations

Branches:
Dungeon (4/15)
 Temple: D:4-7

Altars:

Portals:
Sewer: D:4


Innate Abilities, Weirdness & Mutations

You have very sharp teeth.
Your uncanny sense of smell can sniff out nearby items.
Your experience applies equally to all skills.


Message History

You feel sick.
You hear the quick rusting of a drain.
You feel sick.
You feel sick.
You feel sick.
You feel better. The rat bites you but does no damage.
You closely miss the rat.
You are too injured to fight recklessly!
Casting: Pain (safe; 3% risk of failure)
Confirm with . or Enter, or press ? or * to list all spells.
You don't know that spell.
Unknown command.
Unknown command.
Casting: Pain (safe; 3% risk of failure)
Confirm with . or Enter, or press ? or * to list all spells.
Aiming: Pain (safe; 3% risk of failure)
Press: ? - help, Shift-Dir - straight line, f - river rat
Aim: a river rat (chance to affect: 80%)
The river rat writhes in agony.
Casting: Pain (safe; 3% risk of failure)
Confirm with . or Enter, or press ? or * to list all spells.
Aiming: Pain (safe; 3% risk of failure)
Press: ? - help, Shift-Dir - straight line, f/p - river rat
Aim: a river rat (moderately wounded, chance to affect: 80%)
The river rat writhes in agony.
The river rat bites you!
* * * LOW HITPOINT WARNING * * *
Casting: Pain (safe; 3% risk of failure)
Confirm with . or Enter, or press ? or * to list all spells.
Aiming: Pain (safe; 3% risk of failure)
Press: ? - help, Shift-Dir - straight line, f/p - river rat
Aim: a river rat (moderately wounded, chance to affect: 80%)
The river rat writhes in agony.
The river rat bites you but does no damage.
Casting: Pain (safe; 3% risk of failure)
Confirm with . or Enter, or press ? or * to list all spells.
Aiming: Pain (safe; 3% risk of failure)
Press: ? - help, Shift-Dir - straight line, f/p - river rat
Aim: a river rat (heavily wounded, chance to affect: 80%)
The river rat writhes in agony.
The river rat bites you.
You die...

##............
#..............
##.#..........#
###.#..........#
#†.............#
##........<.#.####
#.................
#.######S.........
#@#≈≈≈≈≈#††.......
#r#≈≈≈≈≈#B.###....
#r#≈≈∩≈≈#..#......
##B#≈≈≈≈≈#....#
#..#######...##
#.)..rB......#
#.##.######..#
#.##.# ..## #.##..
.##


You could see a river rat, a giant cockroach and a rat.

Vanquished Creatures
  An ogre (D:4)
  A jelly (D:4)
  A hound (D:2)
  4 gnolls (D:3)
  5 adders
  A river rat (D:4)
  2 worms (D:2)
  A dart slug (D:2)
  4 leopard geckos
  4 orcs
  A ball python (D:2)
  5 giant cockroaches
  5 hobgoblins
  3 quokkas
  3 bats
  8 frilled lizards
  6 goblins
  4 kobolds
  10 rats
69 creatures vanquished.

Notes
Turn   | Place    | Note
-------+----------+-------------------------------------------
     0 | D:1      | Reached skill level 9 in Spellcasting
     0 | D:1      | ReteAZ the Gnoll Wanderer began the quest for the Orb.
     0 | D:1      | ReteAZ set off with the following items: a +0 dagger, a
                  | potion of curing, a +0 robe; and the following spells
                  | available to memorise: Pain, Magic Dart, Vampiric Draining,
                  | Blink, Call Imp, Slow, Mephitic Cloud, Conjure Flame
     0 | D:1      | Reached XP level 1. HP: 13/13 MP: 10/10
    43 | D:1      | Learned a level 1 spell: Pain
   244 | D:1      | Reached XP level 2. HP: 5/19 MP: 2/12
  1393 | D:2      | Reached XP level 3. HP: 13/25 MP: 6/13
  2130 | D:2      | Reached skill level 1 in Invocations
  2524 | D:2      | Reached skill level 1 in Fighting
  2524 | D:2      | Reached skill level 1 in Short Blades
  2524 | D:2      | Reached skill level 1 in Long Blades
  2524 | D:2      | Reached skill level 1 in Axes
  2524 | D:2      | Reached skill level 1 in Maces & Flails
  2524 | D:2      | Reached skill level 1 in Polearms
  2524 | D:2      | Reached skill level 1 in Staves
  2524 | D:2      | Reached skill level 1 in Slings
  2524 | D:2      | Reached skill level 1 in Bows
  2524 | D:2      | Reached skill level 1 in Crossbows
  2524 | D:2      | Reached skill level 1 in Armour
  2524 | D:2      | Reached skill level 1 in Dodging
  2524 | D:2      | Reached skill level 1 in Stealth
  2524 | D:2      | Reached skill level 1 in Shields
  2524 | D:2      | Reached skill level 1 in Unarmed Combat
  2524 | D:2      | Reached skill level 1 in Evocations
  2608 | D:2      | Reached XP level 4. HP: 26/32 MP: 8/15
  2891 | D:2      | Reached skill level 1 in Conjurations
  2891 | D:2      | Reached skill level 1 in Hexes
  2891 | D:2      | Reached skill level 1 in Summonings
  2891 | D:2      | Reached skill level 1 in Translocations
  2891 | D:2      | Reached skill level 1 in Transmutations
  2891 | D:2      | Reached skill level 1 in Fire Magic
  2891 | D:2      | Reached skill level 1 in Ice Magic
  2891 | D:2      | Reached skill level 1 in Air Magic
  3403 | D:3      | Reached XP level 5. HP: 31/37 MP: 10/16
  4321 | D:4      | Noticed an ogre
  4334 | D:4      | Killed an ogre
  4335 | D:4      | Reached XP level 6. HP: 25/44 MP: 10/18
  4518 | D:4      | Reached skill level 5 in Throwing
  4649 | D:4      | Learned a level 3 spell: Mephitic Cloud
  4683 | D:4      | Found a glowing drain.
  4730 | D:4      | Slain by a river rat

Illustrated notes

Levels and vault maps discovered:
D:1:      psy_arrival_radial02, layout_basic
D:2:      layout_basic
D:3:      layout_basic, minmay_pentomino_pile
D:4:      layout_cave_pools, nicolae_elyvilon_peaceful_grove,
          minmay_temple_entry_fiery, serial_shops, shop, portal_sewer_entry_c

Skill      XL: |  1  2  3  4  5  6 |
---------------+-------------------+-----
Spellcasting   | |  9.5
Necromancy     | 2 |  2.6
Earth Magic    | 2 |  2.6
Invocations    | 1 2 |  2.1
Fighting       | 1 2 |  2.0
Short Blades   | 1 2 |  2.0
Long Blades    | 1 2 |  2.0
Axes           | 1 2 |  2.0
Maces & Flails | 1 2 |  2.0
Polearms       | 1 2 |  2.0
Staves         | 1 2 |  2.0
Slings         | 1 2 |  2.0
Bows           | 1 2 |  2.0
Crossbows      | 1 2 |  2.0
Armour         | 1 2 |  2.0
Dodging        | 1 2 |  2.0
Stealth        | 1 2 |  2.0
Shields        | 1 2 |  2.0
Unarmed Combat | 1 2 |  2.0
Evocations     | 1 2 |  2.0
Conjurations   | 1 |  1.5
Hexes          | 1 |  1.5
Summonings     | 1 |  1.5
Translocations | 1 |  1.5
Transmutations | 1 |  1.5
Fire Magic     | 1 |  1.5
Ice Magic      | 1 |  1.5
Air Magic      | 1 |  1.5
Poison Magic   | 4 |  4.1
Throwing       | 5 |  5.0

Action                   |  1- 3 |  4- 6 || total
-------------------------+-------+-------++-------
Melee: Dagger            |    10 |     1 ||    11
Throw: Dart              |       |     3 ||     3
 Cast: Pain              |    89 |   119 ||   208
  Use: Potion            |       |     1 ||     1
Armor: Robe              |     6 |    17 ||    23
Dodge: Dodged            |    17 |    13 ||    30

Table legend: (Time is in decaauts)
 A = Elapsed time spent in this place.
 B = Non-inter-level travel time spent in this place.
 C = Inter-level travel time spent in this place.
 D = Time resting spent in this place.
 E = Time spent auto-exploring this place.
 F = Levels seen in this place.
 G = Mean time per level.
                   A        B        C        D        E       F      G
               +--------+--------+--------+--------+--------+-----+--------+
         Total |   4730 |   4534 |    196 |    927 |   2969 |   4 | 1182.5 |
       Dungeon |   4730 |   4534 |    196 |    927 |   2969 |   4 | 1182.5 |
               +--------+--------+--------+--------+--------+-----+--------+

Top non-repeatable levels by time:
     D:1: 1834 daAuts
     D:2: 1500 daAuts
     D:3: 971 daAuts
     D:4: 423 daAuts
